 Dungeon Crawl Stone Soup version 0.21.1-1-g345015f (webtiles) character file.

548 nicolaieve the Cleaver (level 7, 0/85 HPs)
             Began as a Minotaur Berserker on July 17, 2018.
             Was a Priest of Trog.
             Slain by Pikel
             ... wielding a +2 whip of flaming
              (1 damage)
             ... on level 5 of the Dungeon.
             The game lasted 00:14:19 (2372 turns).

nicolaieve the Cleaver (Minotaur Berserker)         Turns: 2372, Time: 00:14:19

Health: 0/85       AC:  2    Str: 29    XL:     7   Next: 7%
Magic:  6/6        EV: 11    Int:  4    God:    Trog [***...]
Gold:   194        SH:  0    Dex:  9    Spells: 6/6 levels left

rFire    . . .     SeeInvis .   a - +0 hand axe
rCold    . . .     Gourm    .   (no shield)
rNeg     . . .     Faith    .   s - +3 scale mail
rPois    .         Spirit   .   (helmet restricted)
rElec    .         Reflect  .   (no cloak)
rCorr    .         Harm     .   k - +0 pair of gloves
MR       ++...                  (no boots)
Stlth    ..........             (no amulet)
HPRegen  1.24/turn              (no ring)
MPRegen  0.10/turn              (no ring)

@: berserking (expiring), lethally poisoned (0 -> 0), corroded, starving,
regenerating, very quick
A: retaliatory headbutt, horns 2
a: Berserk, Trog's Hand, Burn Spellbooks, Renounce Religion


You were on level 5 of the Dungeon.
You worshipped Trog.
Trog was most pleased with you.
You were starving.

You visited 1 branch of the dungeon, and saw 5 of its levels.

You collected 194 gold pieces.

Inventory:

Hand Weapons
 a - a +0 hand axe (weapon)
Armour
 k - a +0 pair of gloves (worn)
 p - a +2 leather armour of fire resistance
 s - a +3 scale mail (worn)
Wands
 t - a wand of flame (25)
Scrolls
 e - 5 scrolls of identify {unknown}
 h - 2 scrolls of remove curse {unknown}
 j - 2 scrolls of magic mapping {unknown}
 l - 2 scrolls of fear {unknown}
Potions
 b - 3 potions of curing {unknown}
 d - 2 potions of might {unknown}
 g - 3 potions of lignification {unknown}
 i - 2 potions of brilliance {unknown}
 m - 2 potions of heal wounds {unknown}
 n - a potion of magic {unknown}
 o - a potion of flight {unknown}
 q - a potion of invisibility {unknown}
 r - 2 potions of resistance {unknown}
Books
 u - a book of Cantrips

   Spells                             Type                      Level
   a - Confusing Touch                Hexes                        1
   b - Animate Skeleton               Necromancy                   1
   c - Summon Small Mammal            Summoning                    1
   d - Apportation                    Translocation                1
   Trog disapproves of the use of such an item.
Comestibles
 c - 11 rations
 f - 2 chunks of flesh


   Skills:
 - Level 3.6 Fighting
 + Level 9.7 Axes
 - Level 2.4 Armour
 - Level 2.1 Dodging


You had 6 spell levels left.
You didn't know any spells.

Dungeon Overview and Level Annotations

Branches:
Dungeon (5/15)
 Temple: D:4-7

Altars:
Cheibriados
Elyvilon
Hepliaklqana
Makhleb
Nemelex Xobeh
Qazlal
Xom

Annotations:
D:5 Pikel, Sigmund


Innate Abilities, Weirdness & Mutations

You reflexively headbutt those who attack you in melee.
You have a pair of horns on your head.


Message History

Your scale mail prevents you from hitting the slave.
You closely miss Pikel. You hit the slave.
You feel sick. The slave barely misses you.
Pikel zaps a wand.
You resist with almost no effort. The adder zombie closely misses you.
Unknown command.
You barely miss the adder zombie.
The adder zombie is severely damaged.
You closely miss the slave. You hit Pikel but do no damage.
You closely miss the slave. The slave hits you.
* * * LOW HITPOINT WARNING * * *
Something hits you.
* * * LOW HITPOINT WARNING * * *
You hit the adder zombie.
The adder zombie is severely damaged.
You closely miss the slave. You barely miss Pikel.
You hit the slave but do no damage. You slash the slave!
Pikel hits you with a whip of flaming.
* * * LOW HITPOINT WARNING * * *
Pikel burns you.
You die...

#.........
#..>......
#.........
##.........
#####...?......
........l.{...
.......pZp.#
........@Kp#
........p..#
...........#
...........# #
...>...#..#.....
.......<.....###
.......###..##
#####.# ..# #.
..#


You could see Pikel, 4 slaves, an iguana and an adder zombie.

Vanquished Creatures
  The ghost of VersusAllOdds the Skirmisher, a weakling MiFi (D:3)
  A crimson imp (D:4)
  A hound (D:5)
  A jelly (D:5)
  An orc priest (D:3)
  A gnoll shaman (D:4)
  3 orc wizards (D:3)
  A hound skeleton (D:2)
  8 gnolls
  8 adders
  A howler monkey skeleton (D:4)
  An ooze (D:3)
  An adder skeleton (D:4)
  3 worms
  A dart slug (D:2)
  A leopard gecko (D:3)
  7 orcs
  A ball python (D:4)
  7 bats
  3 giant cockroaches
  4 goblins
  7 hobgoblins
  3 quokkas
  12 frilled lizards
  8 kobolds
  13 rats
99 creatures vanquished.

Vanquished Creatures (others)
  5 toadstools (D:1)
5 creatures vanquished.

Grand Total: 104 creatures vanquished

Notes
Turn   | Place    | Note
-------+----------+-------------------------------------------
     0 | D:1      | nicolaieve the Minotaur Berserker began the quest for the Orb.
     0 | D:1      | Reached XP level 1. HP: 19/19 MP: 0/0
   114 | D:1      | Found a snail-covered altar of Cheibriados.
   138 | D:1      | Reached skill level 4 in Axes
   222 | D:1      | Reached XP level 2. HP: 21/26 MP: 1/1
   350 | D:1      | Reached skill level 5 in Axes
   518 | D:2      | Reached XP level 3. HP: 27/31 MP: 2/2
   532 | D:2      | Reached ** piety under Trog
   532 | D:2      | Reached skill level 6 in Axes
   532 | D:2      | Reached XP level 4. HP: 20/39 MP: 3/3
  1014 | D:3      | Reached skill level 7 in Axes
  1014 | D:3      | Reached XP level 5. HP: 45/45 MP: 4/4
  1042 | D:3      | Reached skill level 8 in Axes
  1046 | D:3      | Reached *** piety under Trog
  1165 | D:3      | Reached XP level 6. HP: 39/51 MP: 5/5
  1240 | D:3      | Noticed VersusAllOdds's ghost (weakling MiFi)
  1255 | D:3      | Killed VersusAllOdds's ghost
  1635 | D:4      | Reached skill level 9 in Axes
  1667 | D:4      | Found a sparkling altar of Nemelex Xobeh.
  1703 | D:4      | Found a sparkling altar of Nemelex Xobeh.
  1703 | D:4      | Found a white marble altar of Elyvilon.
  1704 | D:4      | Found a stormy altar of Qazlal.
  1934 | D:4      | Found a shimmering altar of Xom.
  1934 | D:4      | Found a burning altar of Makhleb.
  2259 | D:4      | Found a hazy altar of Hepliaklqana.
  2342 | D:5      | Entered Level 5 of the Dungeon
  2352 | D:5      | Noticed Pikel
  2353 | D:5      | Noticed a slave
  2354 | D:5      | Noticed a slave
  2355 | D:5      | Noticed a slave
  2356 | D:5      | Noticed a slave
  2357 | D:5      | Noticed Sigmund
  2359 | D:5      | Reached XP level 7. HP: 39/57 MP: 6/6
  2371 | D:5      | HP: 1/85 [something (6)]
  2372 | D:5      | Slain by Pikel

Skill      XL: |  1  2  3  4  5  6 |
---------------+-------------------+-----
Axes           | 4 5 6 7 8 9 |  9.7
Fighting       | |  3.6
Armour         | |  2.4
Dodging        | |  2.1

Action                   |  1- 3 |  4- 6 |  7- 9 || total
-------------------------+-------+-------+-------++-------
Melee: Hand axe          |    62 |   160 |    13 ||   235
       Headbutt          |     5 |    26 |       ||    31
Invok: Berserk           |       |     4 |       ||     4
       Trog's Hand       |       |     2 |       ||     2
  Eat: Chunk             |       |     7 |       ||     7
Armor: Animal skin       |     5 |       |       ||     5
       Chain mail        |    25 |    55 |       ||    80
       Scale mail        |       |    31 |       ||    31
Dodge: Dodged            |    33 |    74 |     6 ||   113
